 Dungeon Crawl Stone Soup version 0.24-a0-411-g4df2b1290f (webtiles) character file.

Game seed: 4838071740392430043

26642 HAL9000 the Jinx (level 13, -3/58 HPs)
             Began as a Vine Stalker Assassin on June 6, 2019.
             Was a Priest of Uskayaw.
             Slain by a seven-headed hydra (6 damage)
             ... on level 6 of the Lair of Beasts.
             The game lasted 00:35:35 (16287 turns).

HAL9000 the Jinx (Vine Stalker Assassin)           Turns: 16287, Time: 00:35:36

Health: -3/58      AC: 12    Str: 21    XL:     13   Next: 27%
Magic:  0/21       EV: 13    Int: 13    God:    Uskayaw [***...]
Gold:   723        SH:  0    Dex: 22    Spells: 2/12 levels left

rFire    . . .     SeeInvis .   x - +1 dagger (elec)
rCold    . . .     Gourm    .   (no shield)
rNeg     . . .     Faith    .   E - +1 leather armour of Melancholy {*Drain rElec rCorr Dex+7}
rPois    .         Spirit   +   F - +0 helmet
rElec    +         Reflect  .   z - +0 cloak
rCorr    +         Harm     .   C - +1 pair of gloves {Str+3}
MR       +....                  l - +1 pair of boots {Stlth+}
Stlth    ++++++....             (no amulet)
HPRegen  0.99/turn              Q - +3 ring of slaying
MPRegen  0.17/turn              K - +2 ring of evasion

@: lethally poisoned (-3 -> -3), invisible
A: fangs 3, regeneration 2, magic shield, antimagic bite, no potion heal 3, rot
immunity
a: Stomp, Line Pass, Renounce Religion


You were on level 6 of the Lair of Beasts.
You worshipped Uskayaw.
Uskayaw was aware of your devotion.
You were not hungry.

You visited 3 branches of the dungeon, and saw 17 of its levels.

You collected 765 gold pieces.
You spent 42 gold pieces at shops.

Inventory:

Hand Weapons
 x - a +1 dagger of electrocution (weapon)
Missiles
 d - 22 poisoned darts (quivered)
 e - 2 curare-tipped darts
 B - 3 boomerangs
 J - 4 throwing nets
Armour
 l - a +1 pair of boots of stealth (worn)
 z - a +0 cloak (worn)
 C - a +1 pair of gloves of strength (worn)
 E - the +1 leather armour of Melancholy (worn) {*Drain rElec rCorr Dex+7}
   (You found it on level 6 of the Dungeon)

   It affects your dexterity (+7).
   It insulates you from electricity.
   It provides partial protection from all sources of acid and corrosion.
   It causes draining when unequipped.
 F - a +0 helmet (worn)
 U - the +6 scale mail of Ymiciokh {rElec rPois Dex-2 Stlth+, unknown}
   (You found it on level 3 of the Lair of Beasts)

   It affects your dexterity (-2).
   It insulates you from electricity.
   It protects you from poison.
   It makes you more stealthy.
Jewellery
 h - an uncursed ring of ice
 I - a +3 ring of intelligence
 K - a +2 ring of evasion (right hand)
 N - an uncursed amulet of harm
 Q - a +3 ring of slaying (left hand)
Wands
 c - a wand of enslavement (8)
 m - a wand of flame (26)
 v - a wand of paralysis (12)
 A - a wand of random effects (26)
 G - a wand of acid (6)
 O - a wand of clouds (4)
Scrolls
 a - 2 scrolls of summoning {unknown}
 b - 4 scrolls of teleportation
 g - 4 scrolls of enchant weapon
 i - 4 scrolls of amnesia {unknown}
 j - 3 scrolls of fog {unknown}
 k - 2 scrolls of fear {unknown}
 o - 5 scrolls of remove curse
 s - 2 scrolls of immolation {unknown}
 u - 2 scrolls of blinking {unknown}
 y - a scroll of magic mapping {unknown}
 H - 2 scrolls of enchant armour
 P - a scroll of noise {unknown}
Potions
 n - a potion of berserk rage
 p - 4 potions of flight
 q - a potion of invisibility
 r - 2 potions of brilliance
 t - 9 potions of curing
 w - a potion of mutation
 D - 2 potions of lignification
 L - 2 potions of resistance
 M - a potion of cancellation {unknown}
 R - 2 potions of magic {unknown}
 S - a potion of might {unknown}
Comestibles
 f - 32 rations
 T - 5 chunks of flesh


   Skills:
 - Level 1.7 Fighting
 - Level 10.1 Short Blades
 - Level 1.7 Throwing
 - Level 9.1 Armour
 - Level 0.7 Dodging
 - Level 10.1 Stealth
 - Level 10.2 Hexes
 + Level 3.4 Translocations
 - Level 10.0 Invocations


You had 2 spell levels left.
You knew the following spells:

 Your Spells              Type           Power        Failure   Level  Hunger
a - Confuse               Hex            ####....     1%          3    ####...
b - Tukima's Dance        Hex            ####....     1%          3    ####...
c - Blink                 Tloc           N/A          13%         2    ###....
d - Shroud of Golubria    Chrm/Tloc      #.....       26%         2    ###....

Your spell library contained the following spells:

 Spells                   Type           Power        Failure   Level  Hunger
 Corona                   Hex            ####...      1%          1    ##.....
 Ensorcelled Hibernation  Hex/Ice        ##....       6%          2    ###....
 Dazzling Spray           Conj/Hex       ##....       13%         3    ####...
 Gell's Gravitas          Tloc           #.........   26%         3    ####...
 Lesser Beckoning         Tloc           #.........   26%         3    ####...
 Teleport Other           Tloc           #.......     26%         3    ####...
 Passage of Golubria      Tloc           N/A          63%         4    #####..


Dungeon Overview and Level Annotations

Branches:
Dungeon (11/15)            Temple (1/1) D:5            Lair (6/6) D:11
 Shoals (0/4) Lair:3        Snake (0/4) Lair:2          Orc (0/2) D:10
  Slime: Lair:5-6

Altars:
Ashenzari
Cheibriados
Dithmenos
Elyvilon
Fedhas
Gozag
Hepliaklqana
Kikubaaqudgha
Makhleb
Nemelex Xobeh
Okawaru
Qazlal
Ru
Sif Muna
Trog
Uskayaw
Vehumet
Wu Jian
Xom
Yredelemnul
Zin
The Shining One

Shops:
D:8 (   D:10 ?   D:11 *

Annotations:
D:3 2 transporters, Banto's ghost, amateur DgWn
D:6 2 runed translucent doors, Xerfei's ghost, novice MiBe
D:7 5 runed translucent doors
Lair:3 exclusion: orange crystal statue


Innate Abilities, Weirdness & Mutations

You have razor-sharp teeth.
You heal very quickly.
When hurt, damage is shared between your health and your magic reserves.
Your bite disrupts and absorbs the magic of your enemies.
Potions cannot restore your health.
You are immune to rotting.


Message History

The seven-headed hydra bites you but does no damage.
The seven-headed hydra bites you! x2
* * * LOW HITPOINT WARNING * * *
The seven-headed hydra bites you!
* * * LOW HITPOINT WARNING * * *
The seven-headed hydra bites you!
* * * LOW HITPOINT WARNING * * *
The seven-headed hydra bites you but does no damage. x2
Uskayaw will force your foes to helplessly watch your dance.
Okay, then.
Okay, then.
You feel sick.
You fade into invisibility!
You feel sick.
The seven-headed hydra bites you but does no damage. x2
The seven-headed hydra barely misses you.
The seven-headed hydra completely misses you. x2
The seven-headed hydra bites you but does no damage.
The seven-headed hydra bites you!
You die...

.#..P....#.#......PP..###.....#..
...##P..#.#.......P......#......P
##.....#...#.....##P....#........
#P................##.............
##÷P.#...#........#.....#.......#
#...##..####......#.######......#
#...##..###.......#.########.P.##
#....#.#...#.....##...#P#####.PP.
#...............@D†#......###PP..
#...............##...#.#....##...
#...............##..........####.
#...............#.....#......# #.
#......[.......##.....#.#...P###.
.....#.###.....##.....#####..##..
#...##...##....##P....#...#...##.
#...#...####...########...#..P##.
##............## #####...÷...##.


You could see a seven-headed hydra.

Vanquished Creatures
  A hydra (Lair:6)
  A two-headed ogre (D:9)
  An unseen horror (D:10)
  A lindwurm (Lair:6)
  A manticore (D:11)
  Psyche (D:9)
  A merfolk siren (Lair:3)
  A black mamba (Lair:2)
  8 spiny frogs
  A guardian serpent (Lair:2)
  A rime drake (Lair:4)
  2 komodo dragons
  A merfolk (Lair:3)
  A troll (D:9)
  A blink frog (Lair:6)
  2 polar bears
  8 hippogriffs
  A wraith (D:11)
  A spriggan (D:9)
  A wyvern (D:8)
  30 yaks
  2 steam dragons
  Eustachio (D:5)
  3 basilisks
  2 hungry ghosts
  2 wargs
  15 water moccasins
  6 porcupines
  3 sky beasts
  5 orc warriors
  An eye of draining (D:11)
  6 black bears
  7 ogres
  7 phantoms
  3 centaurs
  A necrophage (D:8)
  11 wolves
  10 crocodiles
  Blork the orc (D:4)
  A big kobold (D:9)
  17 bullfrogs
  3 scorpions
  3 jellies
  8 killer bees
  10 wights
  A vampire bat (D:9)
  An electric eel (Lair:2)
  3 howler monkeys (D:8)
  A bullfrog zombie (D:10)
  2 centaur zombies
  A quasit (D:11)
  3 crimson imps
  A centaur skeleton (D:5)
  15 orc priests
  9 orc wizards
  Crazy Yiuf (D:4)
  3 hounds
  2 bullfrog skeletons (D:6)
  A gnoll shaman (D:8)
  Ijyb (D:3)
  5 iguanas
  A hell rat (Lair:6)
  5 worker ants
  A hound skeleton (D:5)
  A howler monkey zombie (D:5)
  Robin (D:3)
  A worker ant zombie (D:6)
  4 gnolls (D:8)
  A howler monkey skeleton (D:5)
  11 adders
  3 shadow imps
  An ooze (D:2)
  An adder skeleton (D:7)
  An adder zombie (D:3)
  4 worms
  A dart slug (D:4)
  5 leopard geckos
  44 orcs
  4 ball pythons
  2 bat skeletons (D:9)
  2 bat zombies (D:9)
  6 giant cockroaches
  18 goblins
  13 hobgoblins
  8 jackals
  12 kobolds
  6 quokkas
  A bat (D:2)
  5 frilled lizards
  A quokka zombie (D:6)
  A rat (D:3)
  A fungus (D:4)
  5 plants (Lair:3)
415 creatures vanquished.

Vanquished Creatures (others)
  11 plants
11 creatures vanquished.

Grand Total: 426 creatures vanquished

Notes
Turn   | Place    | Note
-------+----------+-------------------------------------------
     0 | D:1      | HAL9000 the Vine Stalker Assassin began the quest for the
                  | Orb.
     0 | D:1      | Reached XP level 1. HP: 11/11 MP: 2/2
   173 | D:1      | Reached XP level 2. HP: 15/15 MP: 3/3
   682 | D:2      | Reached XP level 3. HP: 18/18 MP: 4/4
   815 | D:2      | Gained mutation: Your natural rate of healing is unusually
                  | fast. [Vine Stalker growth]
   815 | D:2      | Reached XP level 4. HP: 2/23 MP: 1/5
  1519 | D:3      | Reached XP level 5. HP: 26/26 MP: 6/6
  1576 | D:3      | Reached skill level 5 in Short Blades
  1786 | D:3      | Noticed Robin
  1802 | D:3      | Reached XP level 6. HP: 22/30 MP: 5/7
  1817 | D:3      | Killed Robin
  1944 | D:3      | Noticed Ijyb
  1953 | D:3      | Killed Ijyb
  2273 | D:3      | Found a transporter.
  2274 | D:3      | Found a transporter.
  2315 | D:3      | Noticed Banto's ghost (amateur DgWn)
  2894 | D:4      | Reached XP level 7. HP: 34/34 MP: 8/8
  3078 | D:4      | Noticed Blork the orc
  3084 | D:4      | Killed Blork the orc
  3831 | D:4      | Found a runed translucent door.
  3832 | D:4      | Noticed Crazy Yiuf
  3838 | D:4      | Killed Crazy Yiuf
  3946 | D:5      | Entered Level 5 of the Dungeon
  4073 | D:5      | Found a staircase to the Ecumenical Temple.
  4082 | Temple   | Entered the Ecumenical Temple
  4387 | Temple   | Became a worshipper of Uskayaw the Reveler
  4418 | D:5      | Reached * piety under Uskayaw
  4424 | D:5      | Reached ** piety under Uskayaw
  4430 | D:5      | Reached *** piety under Uskayaw
  4480 | D:5      | Gained mutation: You have razor-sharp teeth. [Vine Stalker
                  | growth]
  4480 | D:5      | Reached XP level 8. HP: 31/38 MP: 9/9
  5105 | D:5      | Noticed Eustachio
  5150 | D:5      | Killed Eustachio
  5774 | D:6      | Reached skill level 10 in Short Blades
  5885 | D:6      | Reached skill level 5 in Stealth
  5885 | D:6      | Reached XP level 9. HP: 28/42 MP: 6/10
  5957 | D:6      | Got a brightly glowing leather armour
  5978 | D:6      | Identified the cursed +1 leather armour of Melancholy
                  | {*Drain rElec rCorr Dex+7} (You found it on level 6 of the
                  | Dungeon)
  6500 | D:6      | Found a large runed translucent door.
  6500 | D:6      | Found a large runed translucent door.
  6502 | D:6      | Noticed Xerfei's ghost (novice MiBe)
  6655 | D:7      | Reached **** piety under Uskayaw
  6722 | D:7      | Found a runed translucent door.
  6722 | D:7      | Found a runed translucent door.
  6728 | D:7      | HP: 2/42 [killer bee (4)]
  6730 | D:7      | Found the +9 staff of Olgreb {rPois}
  7012 | D:7      | Found a runed translucent gate.
  7092 | D:7      | Reached skill level 10 in Stealth
  7224 | D:7      | Found a runed translucent gate.
  7224 | D:7      | Found a runed translucent gate.
  7522 | D:8      | Reached XP level 10. HP: 46/46 MP: 14/14
  7539 | D:8      | Reached skill level 5 in Invocations
  7916 | D:8      | Found Lidin's Weapon Emporium.
  7929 | D:8      | Reached ***** piety under Uskayaw
  8358 | D:8      | Identified the +10 dire flail of Unpleasantness {protect,
                  | *Drain rElec rF+ MR+}
  9168 | D:9      | Noticed Psyche
  9178 | D:9      | Killed Psyche
  9318 | D:9      | Noticed a two-headed ogre
  9424 | D:9      | Reached skill level 10 in Invocations
  9590 | D:9      | Reached skill level 1 in Armour
  9590 | D:9      | Reached XP level 11. HP: 50/50 MP: 19/19
  9785 | D:9      | Found a hazy altar of Hepliaklqana.
  9861 | D:9      | Found an ancient bone altar of Kikubaaqudgha.
 10236 | D:9      | Killed a two-headed ogre
 10696 | D:10     | Entered Level 10 of the Dungeon
 10724 | D:10     | Found a staircase to the Orcish Mines.
 11164 | D:10     | Reached skill level 5 in Armour
 11167 | D:10     | Reached ****** piety under Uskayaw
 11292 | D:10     | Killed an unseen horror
 11638 | D:10     | Found Cucotud's Magic Scroll Boutique.
 11644 | D:10     | Bought a scroll of teleportation for 42 gold pieces
 12218 | D:11     | Found Yddui's Demolitions Depot.
 12406 | D:11     | Found a staircase to the Lair.
 12508 | D:11     | Found a shimmering altar of Xom.
 12516 | D:11     | Found a shimmering altar of Xom.
 12516 | D:11     | Found a shimmering altar of Xom.
 12516 | D:11     | Found a shimmering altar of Xom.
 12517 | D:11     | Found a shimmering altar of Xom.
 12518 | D:11     | Found a shimmering altar of Xom.
 12579 | D:11     | Noticed a manticore
 12604 | D:11     | Killed a manticore
 12675 | D:11     | Noticed a tengu warrior
 12736 | Lair:1   | Entered Level 1 of the Lair of Beasts
 12788 | Lair:1   | Gained mutation: You heal very quickly. [Vine Stalker
                  | growth]
 12788 | Lair:1   | Reached XP level 12. HP: 43/54 MP: 17/20
 12947 | Lair:1   | Learned a level 3 spell: Confuse
 12951 | Lair:1   | Learned a level 3 spell: Tukima's Dance
 13048 | Lair:1   | Reached skill level 1 in Hexes
 13798 | Lair:2   | Found a staircase to the Snake Pit.
 13804 | Lair:2   | Reached skill level 5 in Hexes
 13984 | Lair:2   | Found the +8 whip "Snakebite" {curare, rPois}
 14923 | Lair:3   | Found a staircase to the Shoals.
 15259 | Lair:3   | Learned a level 2 spell: Blink
 15262 | Lair:3   | Learned a level 2 spell: Shroud of Golubria
 15465 | Lair:3   | Got a distressingly furry scale mail
 15787 | Lair:4   | You fall into a shaft and drop 2 floors!
 15787 | Lair:6   | Entered Level 6 of the Lair of Beasts
 15823 | Lair:6   | Reached XP level 13. HP: 58/58 MP: 21/21
 15947 | Lair:6   | Reached skill level 10 in Hexes
 15981 | Lair:6   | Reached skill level 1 in Translocations
 16287 | Lair:6   | Slain by a seven-headed hydra

Levels and vault maps discovered:
D:1:      doesnt_arrival_eight_statues, layout_basic
D:2:      layout_basic
D:3:      layout_loops_corners, gammafunk_ghost_gnarly_gnolls,
          serial_bayou_crossing, uniq_robin, uniq_ijyb
D:4:      minmay_evil_eye, layout_gridville, first_ration,
          uniq_crazy_yiuf_cottage, uniq_blork_the_orc
D:5:      layout_loops_corners, minmay_temple_entry_ruins, uniq_eustachio
D:6:      layout_loops_corners, ebering_ghost_disaster_area, minmay_fountain_box
D:7:      layout_loops_ring, minmay_guarded_unrand_staff_of_olgreb
D:8:      layout_basic, serial_shops, shop
D:9:      layout_layer_cave, kennysheep_vampire_church, basic_altar, the_bakery,
          uniq_psyche
D:10:     layout_layer_cave, orc_0_dummy, serial_shops, shop,
          kennysheep_minor_cross
D:11:     minmay_sliced_demisemicircle, layout_stronghold,
          erik_lair_orcish_takeover, serial_park_tiny_1, nicolae_blasting_shop,
          xom_redecorated, uniq_snorg
Temple:   nicolae_temple_the_god_donut
Lair:1:   layout_concentric_octagons
Lair:2:   minmay_guarded_unrand_snakebite, layout_loops_ring,
          minmay_snake_entry_spellcaster, gammafunk_lair_bear_cave
Lair:3:   wad_woods_structure_01, layout_regular_city, elwin_shoals_entry_rooms,
          minmay_stone_trees_medium, disabler_island
Lair:4:   layout_cave_pods
Lair:6:   hangedman_lair_caniforms_friends, layout_regular_city,
          hangedman_lair_in_review

Skill      XL: |  1  2  3  4  5  6  7  8  9 10 11 12 13 |
---------------+----------------------------------------+-----
Short Blades   | 2 3 4 5 6 8 10 | 10.1
Stealth        | 5 10 | 10.1
Invocations    | 4 10 | 10.0
Armour         | 1 8 9 |  9.1
Hexes          | 9 10 | 10.2
Translocations | 3 |  3.4
Fighting       | |  1.7
Throwing       | |  1.7
Dodging        | |  0.7

Action                   |  1- 3 |  4- 6 |  7- 9 | 10-12 | 13-15 || total
-------------------------+-------+-------+-------+-------+-------++-------
Melee: Dagger            |    63 |   160 |   328 |   675 |    82 ||  1308
       Bite              |    10 |    45 |   133 |   301 |    40 ||   529
Throw: Dart              |       |       |     4 |     7 |       ||    11
       Boomerang         |       |       |     4 |       |       ||     4
 Cast: Confuse           |       |       |       |     4 |       ||     4
Invok: Line Pass         |       |       |     1 |       |       ||     1
  Use: Scroll            |     2 |       |     7 |    11 |       ||    20
       Potion            |       |       |     1 |       |     1 ||     2
 Stab: Sleeping          |    13 |    15 |    22 |    53 |     3 ||   106
       Distracted        |     1 |       |     1 |     5 |       ||     7
       Paralysed         |       |       |     6 |    25 |     2 ||    33
       Confused          |       |       |       |     1 |       ||     1
  Eat: Chunk             |       |     6 |    11 |    25 |     2 ||    44
       Ration            |       |       |     1 |     1 |       ||     2
Armor: Robe              |     7 |    41 |       |       |       ||    48
       Leather armour    |       |     8 |    63 |   138 |    41 ||   250
Dodge: Dodged            |    29 |    77 |   116 |   210 |    50 ||   482

Table legend:
 A = Non-vault XP
 B = Vault XP
 C = Vault XP percentage of total XP
 D = Non-vault monster count
 E = Vault monster count
 F = Vault count percentage of total count
                 A         B        C        D         E       F
            +---------+---------+-------+---------+---------+-------
      Total |   30037 |    8024 |  21.1 |     343 |      66 |  16.1
            +---------+---------+-------+---------+---------+-------
        D:1 |      30 |       0 |   0.0 |      15 |       0 |   0.0
        D:2 |      81 |       0 |   0.0 |      17 |       0 |   0.0
        D:3 |     240 |      71 |  22.8 |      29 |      12 |  29.3
        D:4 |     448 |     151 |  25.2 |      14 |       5 |  26.3
        D:5 |     635 |     196 |  23.6 |      22 |       1 |   4.3
        D:6 |    1064 |       0 |   0.0 |      25 |       0 |   0.0
        D:7 |    1433 |       0 |   0.0 |      20 |       0 |   0.0
        D:8 |    3287 |       0 |   0.0 |      48 |       0 |   0.0
        D:9 |    2457 |     773 |  23.9 |      29 |       7 |  19.4
       D:10 |    3641 |       0 |   0.0 |      36 |       0 |   0.0
       D:11 |    3150 |     491 |  13.5 |      22 |       9 |  29.0
     Lair:1 |    5363 |       0 |   0.0 |      29 |       0 |   0.0
     Lair:2 |    1879 |    2065 |  52.4 |       9 |      14 |  60.9
     Lair:3 |     692 |    2113 |  75.3 |       6 |      10 |  62.5
     Lair:4 |    1036 |       0 |   0.0 |       7 |       0 |   0.0
     Lair:6 |    4601 |    2164 |  32.0 |      15 |       8 |  34.8
            +---------+---------+-------+---------+---------+-------
